 Dungeon Crawl Stone Soup version 0.29.0-15-g675c0067aa (webtiles) character file.

Game seed: 14301675804166950114

769 qw the Cleaver (level 7, -3/62 HPs)
             Began as a Minotaur Berserker on Sept 12, 2022.
             Was a Priest of Trog.
             Splashed by a jelly's acid (5 damage)
             ... on level 5 of the Dungeon.
             The game lasted 00:02:29 (4199 turns).

qw the Cleaver (Minotaur Berserker)                 Turns: 4199, Time: 00:02:30

Health: -3/62      AC:  8    Str: 23    XL:     7   Next: 52%
Magic:  6/6        EV: 12    Int:  4    God:    Trog [***...]
Gold:   147        SH:  0    Dex: 10    Spells: 6/6 levels left

rFire   . . .      SeeInvis .   Y - +2 hand axe
rCold   . . .      Faith    .   (no shield)
rNeg    . . .      Spirit   .   d - +0 chain mail
rPois   .          Reflect  .   f - +1 hat
rElec   .          Harm     .   g - +0 cloak
rCorr   .          Rampage  .   h - +0 pair of gloves
Will    .....                   (no boots)
Stlth   ..........              (no amulet)
HPRegen 0.20/turn               k - +4 ring of evasion
MPRegen 0.10/turn               (no ring)

@: lethally poisoned (-3 -> -4), about to teleport, corroded, on berserk
cooldown
A: horns 2, retaliatory headbutt
a: Renounce Religion, Berserk, Trog's Hand


You were on level 5 of the Dungeon.
You worshipped Trog.
Trog was most pleased with you.
You visited 1 branch of the dungeon, and saw 5 of its levels.

You collected 169 gold pieces.
You spent 22 gold pieces at shops.


Innate Abilities, Weirdness & Mutations

You have a pair of horns on your head.
You reflexively headbutt those who attack you in melee.


   Skills:
 - Level 5.6 Fighting
 + Level 9.6 Axes
 - Level 3.0 Armour
 - Level 2.1 Dodging


You had 6 spell levels left.
You didn't know any spells.
Your spell library was empty.

Inventory:

Hand Weapons
 a - a +0 flail
 Y - a +2 hand axe (weapon)
Armour
 d - a +0 chain mail (worn)
 f - a +1 hat (worn)
 g - a +0 cloak (worn)
 h - a +0 pair of gloves (worn)
 m - the +5 scale mail of the Valley {rElec Int-4 Slay+3 Stlth+}
   (You took it off an orc on level 5 of the Dungeon)

   Int:       It affects your intelligence (-4).
   Slay:      It affects your accuracy & damage with ranged weapons and melee
   (+3).
   rElec:     It insulates you from electricity.
   Stlth:     It makes you more stealthy.
Jewellery
 i - the amulet of Vuceamaoro {Faith -Tele Harm rC+ Str+3}
   (You acquired it on level 3 of the Dungeon)

   [amulet of faith]

   It allows you to gain divine favour quickly.
   Str:       It affects your strength (+3).
   rC:        It protects you from cold.
   -Tele:     It prevents most forms of teleportation.
   Harm:      It increases damage dealt and taken.
 j - a ring of positive energy
 k - a +4 ring of evasion (left hand)
Scrolls
 c - a scroll of identify
 l - 2 scrolls of teleportation
Potions
 b - a potion of might
 e - a potion of curing
 n - a potion of invisibility {unknown}

Dungeon Overview and Level Annotations

Branches:
Dungeon (5/15)
 Temple: D:4-7

Altars:
Cheibriados
Fedhas
Makhleb

Shops:
D:2 *


Message History

The water moccasin bites you.
You are more poisoned.
The water moccasin poisons you! The water moccasin barely misses you.
A jelly comes into view.
You closely miss the water moccasin.
The water moccasin is almost dead.
You feel extremely sick.
The jelly quivers.
The water moccasin bites you but does no damage. x2
You hit the water moccasin.
The water moccasin is almost dead.
You feel very sick.
The water moccasin bites you but does no damage. x2
You hit the water moccasin.
You kill the water moccasin!
Trog accepts your kill.
You feel very sick.
You feel very sick.
You feel very sick. The jelly hits you but does no damage.
You hit the jelly. The acid corrodes you!
Your hands burn!
You headbutt the jelly.
The jelly is moderately wounded.
You feel sick. The jelly closely misses you.
You hit the jelly.
Your hands burn!
The jelly is heavily wounded.
You feel yourself speed up.
You feel sick. The jelly hits you but does no damage.
4196 ||| READING 3 scrolls of teleportation.
As you read the scroll of teleportation, it crumbles to dust.
You feel strangely unstable.
You feel sick. The jelly hits you but does no damage.
You hit the jelly but do no damage.
Your hands burn!
The jelly is heavily wounded.
You feel sick. The jelly hits you but does no damage.
You slash the jelly!
Your hands burn!
The jelly is severely wounded.
The jelly closely misses you.
You hit the jelly.
Your hands burn!
You die...

##.####### #.# #.#
#.# # S.. .## ....
### #.# .....
##.###.# ##
......####...##.####
#.
......)J@......))..#
#.
......####...##)##.#
#. ..... ##.###.##.#
## .... ##....##.#
#### ... #.....##.#
#... #. #.....##.#
#.## # #.....##.#
#.## ##...###.###.##
##.## #.......


You could see a jelly.

Vanquished Creatures
  A water moccasin (D:5)
  A black bear (D:5)
  2 ogres (D:5)
  A gnoll sergeant (D:3)
  3 orc priests
  3 orc wizards (D:5)
  5 gnolls (D:3)
  3 adders (D:3)
  A worm (D:3)
  14 orcs
  4 bats
  5 endoplasms
  4 giant cockroaches
  6 goblins
  7 hobgoblins
  3 jackals (D:3)
  8 quokkas
  7 ball pythons
  6 frilled lizards
  10 kobolds
  4 rats
98 creatures vanquished.

Notes
Turn   | Place    | Note
-------+----------+-------------------------------------------
     0 | D:1      | qw the Minotaur Berserker began the quest for the Orb.
     0 | D:1      | Reached XP level 1. HP: 19/19 MP: 0/0
     0 | D:1      | 0 ||| qw: Version: 0.1-a-119-g272c26d
     0 | D:1      | 0 ||| qw: Game counter: 10835
     0 | D:1      | 0 ||| qw: Always use a shield: true
     0 | D:1      | 0 ||| qw: Do Orc after D:15 true
     0 | D:1      | 0 ||| qw: Do second Lair branch before Depths: true
     0 | D:1      | 0 ||| qw: Lair rune preference: random
     0 | D:1      | 0 ||| qw: Plans: Normal
     0 | D:1      | 0 ||| PLANNING D:1-11
    80 | D:1      | Reached skill level 4 in Axes
   251 | D:1      | Reached XP level 2. HP: 26/26 MP: 1/1
   348 | D:1      | Found a faded altar of an unknown god.
   662 | D:1      | Reached ** piety under Trog
   687 | D:1      | Reached skill level 5 in Axes
   836 | D:1      | 836 ||| Stepping ~*~*~tactically~*~*~ (stealth).
   840 | D:1      | Reached XP level 3. HP: 31/31 MP: 2/2
  1120 | D:1      | 1120 ||| UPGRADING to +0 chain mail.
  1130 | D:1      | 1130 ||| DROPPING +0 animal skin.
  1131 | D:1      | 1131 ||| UPGRADING to +0 cloak.
  1136 | D:1      | 1136 ||| READING scroll labelled LULENN PAEDEN.
  1139 | D:1      | 1139 ||| READING scroll labelled XYOPTI AGGA.
  1140 | D:1      | 1140 ||| READING 2 scrolls labelled TOCVAKHLU FUPPE.
  1141 | D:1      | 1141 ||| READING scroll of enchant weapon.
  1141 | D:1      | 1141 ||| ENCHANTING +1 hand axe.
  1142 | D:1      | 1142 ||| DRINKING 2 smoky brown potions.
  1143 | D:1      | 1143 ||| DRINKING 2 dark potions.
  1244 | D:1      | 1244 ||| DROPPING potion of ambrosia.
  1312 | D:2      | Found Muab's General Store.
  1319 | D:2      | 1319 ||| SHOPLISTING +0 flail (38 gold, have 26).
  1319 | D:2      | 1319 ||| SHOPLISTING potion of curing (33 gold, have 26).
  1319 | D:2      | 1319 ||| SHOPLISTING potion of haste (110 gold, have 26).
  1319 | D:2      | 1319 ||| SHOPLISTING potion of heal wounds (55 gold, have
                  | 26).
  1319 | D:2      | 1319 ||| BUYING scroll of identify (22 gold).
  1319 | D:2      | Bought a scroll of identify for 22 gold pieces
  1452 | D:2      | Found a blossoming altar of Fedhas.
  1556 | D:2      | 1556 ||| Stepping ~*~*~tactically~*~*~ (hiding).
  1932 | D:2      | 1932 ||| UPGRADING to +0 pair of gloves.
  1937 | D:2      | 1937 ||| UPGRADING to +4 ring of evasion.
  1938 | D:2      | 1938 ||| READING scroll labelled PUOMOSOTIU.
  1939 | D:2      | 1939 ||| READING 3 scrolls of identify.
  1939 | D:2      | 1939 ||| IDENTIFYING bubbling ruby potion
  1940 | D:2      | 1940 ||| READING 2 scrolls of identify.
  1940 | D:2      | 1940 ||| IDENTIFYING golden potion
  1941 | D:2      | 1941 ||| DROPPING potion of brilliance.
  1942 | D:2      | 1942 ||| READING 2 scrolls of teleportation.
  1953 | D:3      | 1953 ||| PLANNING SEWER
  1971 | D:3      | Found a glowing drain.
  1980 | D:3      | You fall into a shaft and drop 2 floors!
  1980 | D:5      | Entered Level 5 of the Dungeon
  2017 | D:5      | Noticed a black bear
  2020 | D:5      | 2020 ||| INVOKING Berserk.
  2023 | D:5      | Killed a black bear
  2024 | D:5      | Reached skill level 7 in Axes
  2024 | D:5      | Reached XP level 4. HP: 39/39 MP: 3/3
  2024 | D:5      | Reached XP level 5. HP: 45/45 MP: 4/4
  2139 | D:5      | 2139 ||| Stepping ~*~*~tactically~*~*~ (stealth).
  2145 | D:5      | Identified the +5 scale mail of the Valley {rElec Int-4
                  | Slay+3 Stlth+}
  2147 | D:5      | 2147 ||| INVOKING Berserk.
  2264 | D:5      | 2264 ||| DROPPING +0 club.
  2266 | D:5      | 2266 ||| READING scroll labelled XALOATTUEG.
  2277 | D:4      | Reached *** piety under Trog
  2390 | D:3      | 2390 ||| FLEEEEING.
  2399 | D:3      | 2399 ||| FLEEEEING.
  2400 | D:3      | 2400 ||| FLEEEEING.
  2401 | D:3      | 2401 ||| FLEEEEING.
  2402 | D:3      | 2402 ||| FLEEEEING.
  2416 | D:3      | 2416 ||| FLEEEEING.
  2417 | D:3      | 2417 ||| FLEEEEING.
  2419 | D:3      | 2419 ||| FLEEEEING.
  2420 | D:3      | 2420 ||| FLEEEEING.
  2421 | D:3      | 2421 ||| STAIRDANCE
  2426 | D:3      | 2426 ||| STAIRDANCE
  2441 | D:3      | 2441 ||| READING scroll of teleportation.
  2452 | D:3      | 2452 ||| FLEEEEING.
  2453 | D:3      | 2453 ||| FLEEEEING.
  2454 | D:3      | 2454 ||| FLEEEEING.
  2455 | D:3      | 2455 ||| FLEEEEING.
  2456 | D:3      | 2456 ||| FLEEEEING.
  2457 | D:3      | 2457 ||| Stepping ~*~*~tactically~*~*~ (stealth).
  2466 | D:3      | 2466 ||| Stepping randomly (stuck).
  2467 | D:3      | 2467 ||| Stepping randomly (stuck).
  2469 | D:3      | 2469 ||| Stepping randomly (stuck).
  2471 | D:3      | 2471 ||| Stepping randomly (stuck).
  2472 | D:3      | 2472 ||| Stepping randomly (stuck).
  2473 | D:3      | 2473 ||| Stepping randomly (stuck).
  2475 | D:3      | 2475 ||| Stepping randomly (stuck).
  2477 | D:3      | 2477 ||| Stepping randomly (stuck).
  2478 | D:3      | 2478 ||| Stepping randomly (stuck).
  2480 | D:3      | 2480 ||| Stepping randomly (stuck).
  2481 | D:3      | 2481 ||| Stepping randomly (stuck).
  2482 | D:3      | 2482 ||| Stepping randomly (stuck).
  2483 | D:3      | 2483 ||| Stepping randomly (stuck).
  2484 | D:3      | 2484 ||| Stepping randomly (stuck).
  2485 | D:3      | 2485 ||| Stepping randomly (stuck).
  2486 | D:3      | 2486 ||| Stepping randomly (stuck).
  2487 | D:3      | 2487 ||| Stepping randomly (stuck).
  2488 | D:3      | 2488 ||| Stepping randomly (stuck).
  2489 | D:3      | 2489 ||| Stepping randomly (stuck).
  2490 | D:3      | 2490 ||| Stepping randomly (stuck).
  2491 | D:3      | 2491 ||| Stepping randomly (stuck).
  2492 | D:3      | 2492 ||| Stepping randomly (stuck).
  2493 | D:3      | 2493 ||| Stepping randomly (stuck).
  2494 | D:3      | 2494 ||| Stepping randomly (stuck).
  2495 | D:3      | 2495 ||| Stepping randomly (stuck).
  2496 | D:3      | 2496 ||| Stepping randomly (stuck).
  2497 | D:3      | 2497 ||| Stepping randomly (stuck).
  2498 | D:3      | 2498 ||| Stepping randomly (stuck).
  2499 | D:3      | 2499 ||| Stepping randomly (stuck).
  2500 | D:3      | 2500 ||| Stepping randomly (stuck).
  2501 | D:3      | 2501 ||| Stepping randomly (stuck).
  2502 | D:3      | 2502 ||| Stepping randomly (stuck).
  2503 | D:3      | 2503 ||| Stepping randomly (stuck).
  2504 | D:3      | 2504 ||| Stepping randomly (stuck).
  2505 | D:3      | 2505 ||| Stepping randomly (stuck).
  2506 | D:3      | 2506 ||| Stepping randomly (stuck).
  2515 | D:3      | 2515 ||| Stepping randomly (stuck).
  2516 | D:3      | 2516 ||| Stepping randomly (stuck).
  2517 | D:3      | 2517 ||| Stepping randomly (stuck).
  2518 | D:3      | 2518 ||| Stepping randomly (stuck).
  2519 | D:3      | 2519 ||| Stepping randomly (stuck).
  2520 | D:3      | 2520 ||| Stepping randomly (stuck).
  2521 | D:3      | 2521 ||| Stepping randomly (stuck).
  2522 | D:3      | 2522 ||| Stepping randomly (stuck).
  2523 | D:3      | 2523 ||| Stepping randomly (stuck).
  2524 | D:3      | 2524 ||| Stepping randomly (stuck).
  2525 | D:3      | 2525 ||| Stepping randomly (stuck).
  2526 | D:3      | 2526 ||| Stepping randomly (stuck).
  2527 | D:3      | 2527 ||| Stepping randomly (stuck).
  2528 | D:3      | 2528 ||| Stepping randomly (stuck).
  2529 | D:3      | 2529 ||| Stepping randomly (stuck).
  2530 | D:3      | 2530 ||| Stepping randomly (stuck).
  2531 | D:3      | 2531 ||| Stepping randomly (stuck).
  2532 | D:3      | 2532 ||| Stepping randomly (stuck).
  2533 | D:3      | 2533 ||| Stepping randomly (stuck).
  2534 | D:3      | 2534 ||| Stepping randomly (stuck).
  2535 | D:3      | 2535 ||| Stepping randomly (stuck).
  2536 | D:3      | 2536 ||| Stepping randomly (stuck).
  2537 | D:3      | 2537 ||| Stepping randomly (stuck).
  2538 | D:3      | 2538 ||| Stepping randomly (stuck).
  2539 | D:3      | 2539 ||| Stepping randomly (stuck).
  2540 | D:3      | 2540 ||| Stepping randomly (stuck).
  2541 | D:3      | 2541 ||| Stepping randomly (stuck).
  2542 | D:3      | 2542 ||| Stepping randomly (stuck).
  2543 | D:3      | 2543 ||| Stepping randomly (stuck).
  2544 | D:3      | 2544 ||| Stepping randomly (stuck).
  2545 | D:3      | 2545 ||| Stepping randomly (stuck).
  2546 | D:3      | 2546 ||| Stepping randomly (stuck).
  2547 | D:3      | 2547 ||| Stepping randomly (stuck).
  2548 | D:3      | 2548 ||| Stepping randomly (stuck).
  2549 | D:3      | 2549 ||| Stepping randomly (stuck).
  2550 | D:3      | 2550 ||| Stepping randomly (stuck).
  2551 | D:3      | 2551 ||| Stepping randomly (stuck).
  2552 | D:3      | 2552 ||| Stepping randomly (stuck).
  2553 | D:3      | 2553 ||| Stepping randomly (stuck).
  2554 | D:3      | 2554 ||| Stepping randomly (stuck).
  2555 | D:3      | 2555 ||| Stepping randomly (stuck).
  2556 | D:3      | 2556 ||| Stepping randomly (stuck).
  2557 | D:3      | 2557 ||| Stepping randomly (stuck).
  2558 | D:3      | 2558 ||| Stepping randomly (stuck).
  2559 | D:3      | 2559 ||| Stepping randomly (stuck).
  2560 | D:3      | 2560 ||| Stepping randomly (stuck).
  2561 | D:3      | 2561 ||| Stepping randomly (stuck).
  2562 | D:3      | 2562 ||| Stepping randomly (stuck).
  2563 | D:3      | 2563 ||| Stepping randomly (stuck).
  2564 | D:3      | 2564 ||| Stepping randomly (stuck).
  2565 | D:3      | 2565 ||| Stepping randomly (stuck).
  2566 | D:3      | 2566 ||| Stepping randomly (stuck).
  2567 | D:3      | 2567 ||| Stepping randomly (stuck).
  2568 | D:3      | 2568 ||| Stepping randomly (stuck).
  2569 | D:3      | 2569 ||| Stepping randomly (stuck).
  2570 | D:3      | 2570 ||| Stepping randomly (stuck).
  2571 | D:3      | 2571 ||| Stepping randomly (stuck).
  2572 | D:3      | 2572 ||| Stepping randomly (stuck).
  2573 | D:3      | 2573 ||| Stepping randomly (stuck).
  2574 | D:3      | 2574 ||| Stepping randomly (stuck).
  2575 | D:3      | 2575 ||| Stepping randomly (stuck).
  2576 | D:3      | 2576 ||| Stepping randomly (stuck).
  2577 | D:3      | 2577 ||| Stepping randomly (stuck).
  2578 | D:3      | 2578 ||| Stepping randomly (stuck).
  2579 | D:3      | 2579 ||| Stepping randomly (stuck).
  2581 | D:3      | 2581 ||| Stepping randomly (stuck).
  2582 | D:3      | 2582 ||| Stepping randomly (stuck).
  2583 | D:3      | 2583 ||| Stepping randomly (stuck).
  2584 | D:3      | 2584 ||| Stepping randomly (stuck).
  2585 | D:3      | 2585 ||| Stepping randomly (stuck).
  2586 | D:3      | 2586 ||| Stepping randomly (stuck).
  2587 | D:3      | 2587 ||| Stepping randomly (stuck).
  2588 | D:3      | 2588 ||| Stepping randomly (stuck).
  2589 | D:3      | 2589 ||| Stepping randomly (stuck).
  2591 | D:3      | 2591 ||| Stepping randomly (stuck).
  2592 | D:3      | 2592 ||| Stepping randomly (stuck).
  2593 | D:3      | 2593 ||| Stepping randomly (stuck).
  2594 | D:3      | 2594 ||| Stepping randomly (stuck).
  2595 | D:3      | 2595 ||| Stepping randomly (stuck).
  2596 | D:3      | 2596 ||| Stepping randomly (stuck).
  2597 | D:3      | 2597 ||| Stepping randomly (stuck).
  2598 | D:3      | 2598 ||| Stepping randomly (stuck).
  2599 | D:3      | 2599 ||| Stepping randomly (stuck).
  2600 | D:3      | 2600 ||| Stepping randomly (stuck).
  2601 | D:3      | 2601 ||| Stepping randomly (stuck).
  2602 | D:3      | 2602 ||| Stepping randomly (stuck).
  2603 | D:3      | 2603 ||| Stepping randomly (stuck).
  2604 | D:3      | 2604 ||| Stepping randomly (stuck).
  2606 | D:3      | 2606 ||| Stepping randomly (stuck).
  2608 | D:3      | 2608 ||| Stepping randomly (stuck).
  2609 | D:3      | 2609 ||| Stepping randomly (stuck).
  2610 | D:3      | 2610 ||| Stepping randomly (stuck).
  2612 | D:3      | 2612 ||| Stepping randomly (stuck).
  2613 | D:3      | 2613 ||| Stepping randomly (stuck).
  2614 | D:3      | 2614 ||| Stepping randomly (stuck).
  2615 | D:3      | 2615 ||| Stepping randomly (stuck).
  2616 | D:3      | 2616 ||| Stepping randomly (stuck).
  2617 | D:3      | 2617 ||| Stepping randomly (stuck).
  2618 | D:3      | 2618 ||| Stepping randomly (stuck).
  2619 | D:3      | 2619 ||| Stepping randomly (stuck).
  2620 | D:3      | 2620 ||| Stepping randomly (stuck).
  2622 | D:3      | 2622 ||| Stepping randomly (stuck).
  2623 | D:3      | 2623 ||| Stepping randomly (stuck).
  2625 | D:3      | 2625 ||| Stepping randomly (stuck).
  2627 | D:3      | 2627 ||| Stepping randomly (stuck).
  2628 | D:3      | 2628 ||| Stepping randomly (stuck).
  2629 | D:3      | 2629 ||| Stepping randomly (stuck).
  2630 | D:3      | 2630 ||| Stepping randomly (stuck).
  2632 | D:3      | 2632 ||| Stepping randomly (stuck).
  2633 | D:3      | 2633 ||| Stepping randomly (stuck).
  2635 | D:3      | 2635 ||| Stepping randomly (stuck).
  2641 | D:3      | 2641 ||| Stepping randomly (stuck).
  2642 | D:3      | 2642 ||| Stepping randomly (stuck).
  2643 | D:3      | 2643 ||| Stepping randomly (stuck).
  2648 | D:3      | 2648 ||| INVOKING Berserk.
  2651 | D:3      | Reached skill level 8 in Axes
  2651 | D:3      | Reached XP level 6. HP: 44/52 MP: 5/5
  2799 | D:3      | 2799 ||| Stepping ~*~*~tactically~*~*~ (stealth).
  2801 | D:3      | 2801 ||| INVOKING Berserk.
  2808 | D:3      | 2808 ||| Stepping ~*~*~tactically~*~*~ (stealth).
  2812 | D:3      | Reached skill level 3 in Armour
  2824 | D:3      | HP: 11/52 [gnoll/+0 flail[a gnoll sergeant] (5)]
  2824 | D:3      | HP: 5/52 [gnoll/+0 halberd[a gnoll sergeant] (6)]
  2824 | D:3      | HP: 2/52 [gnoll/+2 vorpal spear[a gnoll sergeant] (1)]
  2825 | D:3      | 2825 ||| DRINKING potion of heal wounds.
  2982 | D:3      | 2982 ||| DROPPING +0 whip.
  3028 | D:3      | Found a snail-covered altar of Cheibriados.
  3029 | D:3      | 3029 ||| RIP SEWER
  3029 | D:3      | 3029 ||| PLANNING D:1-11
  3084 | D:3      | Found a burning altar of Makhleb.
  3495 | D:3      | 3495 ||| DROPPING amulet of magic regeneration.
  3496 | D:3      | 3496 ||| READING scroll labelled NUWOISM ADWIK.
  3497 | D:3      | 3497 ||| READING scroll labelled ZUOCIPI ILAOST.
  3498 | D:3      | 3498 ||| READING scroll labelled XAHEWNYRPH FYACH.
  3499 | D:3      | 3499 ||| READING 2 scrolls labelled QABBAUXKIS.
  3499 | D:3      | Identified 2 scrolls of acquirement
  3499 | D:3      | 3499 ||| ACQUIRING +1 hat
  3499 | D:3      | Acquired a +1 hat
  3501 | D:3      | 3501 ||| UPGRADING to +1 hat.
  3506 | D:3      | 3506 ||| READING scroll of acquirement.
  3506 | D:3      | 3506 ||| ACQUIRING amulet of Vuceamaoro {Faith -Tele Harm
                  | rC+ Str+3}
  3506 | D:3      | Acquired the amulet of Vuceamaoro {Faith -Tele Harm rC+
                  | Str+3}
  3508 | D:3      | 3508 ||| DRINKING 2 ruby potions.
  3509 | D:3      | 3509 ||| READING 2 scrolls of identify.
  3509 | D:3      | 3509 ||| IDENTIFYING fizzy ruby potion
  3510 | D:3      | 3510 ||| DROPPING potion of lignification.
  3745 | D:5      | 3745 ||| INVOKING Berserk.
  3748 | D:5      | Reached skill level 9 in Axes
  3748 | D:5      | 3748 ||| STAIRDANCE
  4038 | D:5      | 4038 ||| Stepping ~*~*~tactically~*~*~ (hiding).
  4040 | D:5      | 4040 ||| INVOKING Berserk.
  4042 | D:5      | Reached XP level 7. HP: 60/60 MP: 6/6
  4167 | D:5      | 4167 ||| INVOKING Berserk.
  4179 | D:5      | 4179 ||| Stepping ~*~*~tactically~*~*~ (stealth).
  4195 | D:5      | HP: 14/62 [acid (5)]
  4196 | D:5      | 4196 ||| READING 3 scrolls of teleportation.
  4197 | D:5      | HP: 6/62 [poisoned by a water moccasin]
  4198 | D:5      | HP: 2/62 [acid (4)]
  4199 | D:5      | Splashed by a jelly's acid

Levels and vault maps discovered:
D:1:      heliophobic_arrival_henge, layout_loops_corners,
          nicolae_ecumenical_snake_handling, minmay_quantized
D:2:      layout_loops_ring, basic_altar, serial_shops, shop
D:3:      layout_loops_ring, mainiacjoe_overflow_large_starburst,
          gup_sewer_entry_glass
D:4:      layout_basic, serial_corexii_hall, corexii_hall_statues_i,
          corexii_hall_statues_x, chequers_mini_garden, minmay_ogre_servants
D:5:      layout_loops_corners, tgw_sif,
          hangedman_abyss_or_decor_jellyfish_corner, kennysheep_generic_room_11

Skill      XL: |  1  2  3  4  5  6  7 |
---------------+----------------------+-----
Axes           | 4 5 7 8 9 |  9.6
Fighting       | 4 5 |  5.6
Armour         | 3 |  3.0
Dodging        | |  2.1

Action                   |  1- 3 |  4- 6 |  7- 9 || total
-------------------------+-------+-------+-------++-------
Melee: Hand axe          |    88 |    88 |    19 ||   195
       Headbutt          |    13 |    18 |     2 ||    33
       Punch             |       |     1 |       ||     1
Invok: Berserk           |     1 |     5 |     1 ||     7
  Use: Scroll            |     8 |     8 |     1 ||    17
       Potion            |     2 |     2 |       ||     4
Armor: Animal skin       |     8 |       |       ||     8
       Chain mail        |     7 |    44 |    13 ||    64
Dodge: Dodged            |    36 |    59 |     7 ||   102

Table legend:
 A = Non-vault XP
 B = Vault XP
 C = Vault XP percentage of total XP
 D = Non-vault monster count
 E = Vault monster count
 F = Vault count percentage of total count
                 A         B        C        D         E       F
            +---------+---------+-------+---------+---------+-------
      Total |    1056 |      43 |   3.9 |      85 |      13 |  13.3
            +---------+---------+-------+---------+---------+-------
        D:1 |      40 |      11 |  21.6 |      24 |       8 |  25.0
        D:2 |      20 |       0 |   0.0 |      12 |       0 |   0.0
        D:3 |     241 |      32 |  11.7 |      24 |       5 |  17.2
        D:4 |      33 |       0 |   0.0 |      13 |       0 |   0.0
        D:5 |     722 |       0 |   0.0 |      12 |       0 |   0.0
            +---------+---------+-------+---------+---------+-------
